Cogmind - Beta 15 @@@ ROGUE MODE // 2025.09.03 @ 01:24:41 Player: LYMPH NODE JONES Result: Destroyed by S-10 Pest with Light Assault Rifle Performance ------------- Evolutions (0) 0 Regions Visited (1) 200 Robots Destroyed (2) 10 Value Destroyed (40) 40 Prototype IDs (0) 0 Alien Tech Used (0) 0 Bonus (0) 0 TOTAL SCORE: 250 Bonus ------- None Cogmind --------- Core Integrity 0/250 Matter 300/300 Energy 100/100 System Corruption 0% Temperature Cool (0) Movement Core (100) Ox1 Location -10/Materials Parts ------- > --- POWER (1) -------- (None) > --- PROPULSION (2) --- (None) > --- UTILITY (2) ------ Small Storage Unit > --- WEAPON (2) ------- (None) > --- INVENTORY (8) ---- Light Ion Engine Medium Laser Grenade Launcher Peak State ------------ > --- POWER ------------ Ion Engine > --- PROPULSION ------- Light Treads Aluminum Leg > --- UTILITY ---------- Small Storage Unit > --- WEAPON ----------- Medium Laser Light Assault Rifle > --- INVENTORY -------- Light Ion Engine [Rating: 6] Favorites ----------- Power Ion Engine Engine Ion Engine Propulsion Aluminum Leg Treads Light Treads Leg Aluminum Leg Utility Small Storage Unit Storage Small Storage Unit Weapon Light Assault Rifle Energy Gun Medium Laser Ballistic Gun Light Assault Rifle Build | -11 -10 ------- Run | Yrd Mat Slots Evolved . | . . Power . | . . Propulsion . | . . Utility . | . . Weapon . | . . Parts Attached 8 | 8 . Power 2 | 2 . Engine 2 | 2 . Core . | . . Reactor . | . . Propulsion 3 | 3 . Treads 1 | 1 . Leg 2 | 2 . Wheel . | . . Hover . | . . Flight . | . . Utility 1 | 1 . Device . | . . Storage 1 | 1 . Processor . | . . Hackware . | . . Protection . | . . Artifact . | . . Weapon 2 | 2 . Energy Gun 1 | 1 . Energy Cannon . | . . Ballistic Gun 1 | 1 . Ballistic Cannon . | . . Launcher . | . . Special Weapon . | . . Impact Weapon . | . . Slashing Weapon . | . . Piercing Weapon . | . . Special Melee Weapon . | . . Unidentified Prototypes . | . . Parts Lost 5 | . 5 Power 1 | . 1 Propulsion 2 | . 2 Utility . | . . Weapon 2 | . 2 Highest Loss Streak 5 | . 5 To Critical Strikes . | . . Average Backups 2 | 1 2 Power . | . 1 Propulsion . | . . Utility . | . . Weapon 1 | . 1 Tool/Special . | . . Unused Backups 3 | . 3 Power . | . . Propulsion . | . . Utility . | . . Weapon 3 | . 3 Tool/Special . | . . Average Slot Usage (%) 78 | . 78 Engine 12 | . 12 Leg 26 | . 26 Storage 14 | . 14 Energy Gun 12 | . 12 Ballistic Gun 13 | . 13 Peak Build Rating 6 | 6 6 Average Rating 5 | 4 5 On Entrance 3 | . 6 Naked Turns . | . . Heaviest Build 13 | 13 13 Greatest Support 20 | 20 20 Greatest Overweight (x) 1 | 1 . Average Overweight (x) . | . . Largest Inventory Capacity 8 | 8 8 Average Capacity 7 | 7 8 Most Carried 3 | 3 3 Average Carried 2 | 1 2 Final Capacity 8 | 8 8 Final Carried 3 | 2 3 Class Distribution -------------------- 100% | Mutant Dominant Class ---------------- Mutant | -10/Materials Resources | -11 -10 ----------- Run | Yrd Mat Matter Collected 284 | 284 . Remotely . | . . Salvage Created 99 | 62 37 Parts 5 | 4 1 Haulers Intercepted . | . . Recyclers Shooed . | . . Parts Field Recycled . | . . Retrieved Matter . | . . Parts Self-Destructed . | . . Prevented . | . . Kills | -11 -10 ------- Run | Yrd Mat Combat Hostiles Destroyed 1 | . 1 Guns 1 | . 1 Classes Destroyed 2 | 1 1 Recycler 1 | 1 . Grunt 1 | . 1 Best Kill Streak 1 | 1 1 Combat Bots Only 1 | . 1 Max Kills in Single Turn 1 | 1 1 Gunslinging . | . . Exploded . | . . Melee . | . . Uniques/NPCs Destroyed . | . . Combat | -11 -10 -------- Run | Yrd Mat Hostile Shots Fired 100 | . 100 Missed 29 | . 29 Hits 71 | . 71 Projectile 71 | . 71 Critical Strikes 2 | . 2 Damage Taken 704 | . 704 Core 254 | . 254 Absorbed by Shields . | . . Core Remaining (%) 100 | 100 . Volleys Fired 9 | 4 5 Largest 2 | 2 2 Hottest 70 | 70 70 Shots Fired 18 | 8 10 Gun 18 | 8 10 Cannon . | . . Launcher . | . . Special . | . . Kinetic 9 | 4 5 Thermal 9 | 4 5 Explosive . | . . Electromagnetic . | . . Robot Hit Streak 6 | 2 6 Robot Miss Streak 2 | 2 1 Penetration Max . | . . Secondary Targets . | . . Shots Hit Robots 10 | 3 7 Core Hits 4 | 2 2 Critical Kills . | . . Critical Parts Destroyed . | . . Critical Strikes 1 | . 1 Burn 1 | . 1 Melee Attacks . | . . Impact . | . . Slashing . | . . Piercing . | . . Sneak Attacks . | . . Combat Hostiles . | . . Follow-up Attacks . | . . Damage Inflicted 108 | 32 76 Guns 108 | 32 76 Cannons . | . . Explosions . | . . Melee . | . . Ramming . | . . Kinetic 31 | 6 25 Thermal 77 | 26 51 Explosive . | . . Electromagnetic . | . . Impact . | . . Slashing . | . . Piercing . | . . Highest Corruption . | . . Average Corruption . | . . Corruption Purged . | . . Corruption Blocked . | . . Overload Shots . | . . Overflow Damage . | . . Projectiles . | . . Explosions . | . . Melee . | . . Knockbacks . | . . Impact . | . . Kinetic . | . . Secondary . | . . Self-Inflicted Damage . | . . Shots . | . . Rammed . | . . Targets Rammed . | . . Kicked . | . . Crushed . | . . Highest Temperature 116 | 80 116 Average Temperature 44 | 45 43 Received Heat Transfer 210 | . 210 Siege Activations . | . . Martial Activations . | . . Shielding Activations . | . . Robots Disrupted . | . . Combat Hostiles . | . . Robots Corrupted . | . . Combat Hostiles . | . . Parts Fried . | . . Impact Corruptions . | . . Robots Melted . | . . Combat Hostiles . | . . Parts Melted . | . . Heat Transferred 296 | 74 222 Parts Sabotaged . | . . Parts Stolen . | . . Parts Stripped . | . . Power Chain Reactions . | . . Alert | -11 -10 ------- Run | Yrd Mat Maximum Alert Level . | . . Low Security (%) 100 | 100 100 Level 1 . | . . Level 2 . | . . Level 3 . | . . Level 4 . | . . Level 5 . | . . High Security . | . . Max Security . | . . Peak Influence 20 | 5 20 Initial . | . . Average 1 | . 1 Influence Increases 25 | 5 20 Destroy 0b10 Robot/C 20 | . 20 Destroy 0b10 Robot/NC 5 | 5 . Influence Decreases 25 | 5 20 Time Decay 15 | 5 10 Lost Part 10 | . 10 Squads Dispatched . | . . Investigation . | . . Extermination . | . . Reinforcement . | . . Assault . | . . Garrison . | . . Intercept . | . . Searches Triggered . | . . Construction Impeded . | . . Haulers Reinforced . | . . Active Scanning Responses . | . . Cargo Convoy Interrupts . | . . Stealth | -11 -10 --------- Run | Yrd Mat Distress Signals 1 | . 1 Communications Jammed . | . . Distress Signals . | . . Times Spotted 8 | . 8 Peak Tracking Total 7 | . 7 Tactical Retreats . | . . Traps | -11 -10 ------- Run | Yrd Mat Traps Triggered . | . . Indirectly . | . . Trap Hack Attempts . | . . Triggered . | . . Disarmed . | . . Reprogrammed . | . . Reused . | . . Traps Extracted . | . . Installed . | . . Triggered . | . . Machines | -11 -10 ---------- Run | Yrd Mat Machines Disabled . | . . Max in Single Turn . | . . Machines Repaired . | . . Machines Dismantled . | . . Machines Sabotaged . | . . Overloaded Fab Kills . | . . Hacking | -11 -10 --------- Run | Yrd Mat Machines Accessed . | . . Terminals . | . . Fabricators . | . . Repair Stations . | . . Recycling Units . | . . Scanalyzers . | . . Garrison Access . | . . Total Hacks . | . . Successful . | . . Failed . | . . Catastrophic . | . . Database Lockouts . | . . Manual . | . . Terminals . | . . Fabricators . | . . Repair Stations . | . . Recycling Units . | . . Scanalyzers . | . . Garrison Access . | . . Terminal Hacks . | . . Fabricator Hacks . | . . Repair Station Hacks . | . . Recycling Unit Hacks . | . . Scanalyzer . | . . Garrison Access Hacks . | . . Unauthorized Hacks . | . . Terminals . | . . Fabricators . | . . Repair Stations . | . . Recycling Units . | . . Scanalyzers . | . . Garrison Access . | . . Data Cores Recovered . | . . Used . | . . Hacking Detections . | . . Full Trace Events . | . . Feedback Events . | . . Feedback Blocked . | . . Robot Schematics Acquired . | . . Robots Built . | . . Authchips . | . . Time . | . . Total Robot Build Rating . | . . Part Schematics Acquired . | . . Parts Built . | . . Authchips . | . . Time . | . . Total Part Build Rating . | . . Parts Repaired . | . . Time . | . . Parts Recycled . | . . Recycled Matter . | . . Retrieved Matter . | . . Retrieved Components . | . . Parts Scanalyzed . | . . Part Schematics Acquired . | . . Parts Damaged . | . . Bothacking | -11 -10 ------------ Run | Yrd Mat Used RIF Installer . | . . Robots Hacked . | . . Non-combat . | . . Combat . | . . Robot Hacks Applied . | . . Relay Couplers Released . | . . Fabnet Peak Effective % . | . . Robots Rewired . | . . Allies Hacked . | . . Hacks Repelled . | . . Allies | -11 -10 -------- Run | Yrd Mat Total Allies . | . . Largest Group . | . . Highest-Rated Group . | . . Highest-Rated Ally . | . . Total Orders . | . . Ally Attacks . | . . Total Damage . | . . Kills . | . . Allies Corrupted . | . . Allies Melted . | . . Intel | -11 -10 ------- Run | Yrd Mat Active Infowar (turns) . | . . Robot Analysis Total . | . . Derelict Logs Recovered . | . . Drone Launches . | . . Drone Recoveries . | . . Exploration | -11 -10 ------------- Run | Yrd Mat Turns Passed 420 | 137 283 Spaces Moved 257 | 87 170 Core 7 | 7 . Treads 5 | 5 . Legs 245 | 75 170 Wheels . | . . Hover . | . . Flight . | . . Fastest Speed 50 | 50 120 Average Speed 122 | 127 120 Slowest Speed 190 | 190 120 Overloaded Moves . | . . Propulsion Burnouts . | . . Robots Hopped . | . . Potential Cave-ins . | . . Cave-ins Triggered . | . . Exploration Rate (%) 16 | 6 26 Regions Visited 1 Branch Regions . Pre-discovered Areas . | . . Known Exits Taken . | . . Unknown Exits Taken 1 | 1 . Scrap Searched . | . . Spaces Dug . | . . Terrain Destroyed . | . . Melee . | . . Projectile . | . . AOE . | . . Terrain Rammed . | . . Walls Destroyed . | . . Machines Disabled . | . . Actions | -11 -10 --------- Run | Yrd Mat Total 343 | 103 240 Wait 62 | . 62 Move 256 | 86 170 Hop . | . . Pick Up 6 | 4 2 Fast Attach 4 | 4 . Attach 3 | 3 . Detach . | . . Swap 1 | 1 . Drop 2 | 1 1 Fire 9 | 4 5 Melee . | . . Ram . | . . Kick . | . . Crush . | . . Escape Stasis . | . . Rewire . | . . Trap . | . . Miscellaneous . | . . Route ------- -11/Scrapyard -10/Materials (discovered 1 exit: [*Mat]) History --------- Turn | Location | Event 22 | -11/Scrapyard | Discovered new exit (range 16) 138 | -11/Scrapyard | Entered Materials 304 | -10/Materials | Build established: Mutant 322 | -10/Materials | Discovered new exit (range 15) 392 | -10/Materials | Core integrity fell below 50% 414 | -10/Materials | Core integrity fell below 20% 421 | -10/Materials | Destroyed by S-10 Pest with Light Assault Rifle Last Messages --------------- 00387_ Ion Engine destroyed. 00389_ S-10 Pest heat damages Flight Unit. 00390_ R-06 Scavenger collects Flight Unit. 00393_ S-10 Pest heat damages Lgt. Assault Rifle, Lgt. Ion Engine, Flight Unit. 00393_ Aluminum Leg destroyed. 00394_ S-10 Pest heat spikes uncontrollably. 00395_ S-10 Pest overheating. 00395_ R-06 Scavenger collects Lgt. Assault Rifle. 00396_ S-10 Pest heat spikes uncontrollably. 00396_ S-10 Pest destroyed. 00396_ K-01 Serf collects debris. 00398_ R-06 Scavenger collects Flight Unit. 00401_ K-01 Serf destroyed. 00403_ Critical hit (Burn: +37). 00411_ Lgt. Assault Rifle destroyed. 00413_ R-06 Scavenger collects Wheel. 00417_ R-06 Scavenger collects Med. Matter Pod. 00419_ Aluminum Leg destroyed. 00420_ R-06 Scavenger collects Wheel. Map ----- +----------------------------------------------------+ | ??????????????????????????????????????????? | | ??????????????????????????????????????????? | | ??????????????????????????????????????????? | | ??????????????????????????????????????????? | | ??????????????????????????????????????????? | | ??????????????????????????????????????????? | | ??????????????????????????????????????????? | | ??????????????????????????????????????????? | | ??????????????????????????????????????????? | | ??????????????????????????????????????????? | | ??????????????????????????????????????????? | | ??????????????????????????????????????????? | | ?????????????? ??????????????????????????? | | ?????????????? ??????????????????????????? | | ?????????????? ??????????????????????????? | | ?????????????? ??????????????????????????? | | ?????????????? !??????????????????????????? | | ?????????????? ???????????????? ?????????? | | ????????????###/##?????????????? ?????????? | | ????????????# ?????????????? ?????????? | | ????????????# ?????????????? ?????????? | | ????????????# ?????????????? ?????????? | | ????????????# ! ?????????????? ?????????? | | ????????????# ?????????????? ?????????? | | ?????????????# ###########???# #????????? | | ?????????????# #@ #???# #????????? | | ?????????????# #%% #???# #????????? | | ?????????????# /rs #???# #????????? | | ?????????????# # g #???# #????????? | | ?????????????# ###########???# #????????? | | ????????????## ##???#######??# #????????? | | ????????#+### ##### #### ########## | | ?????# # # | | ?????# < / """# | | ?????# ^ # """# | | ?????#### ^ ##### ######## """# | | ????????# ^ ####### ######### """# | | ????????# # # # ## # | | ????????# """ # """ # # ######### | | ???????#T """ # """ + / """ #???????? | | ???????## """ # """ # # """ #???????? | | ????????# ? # # # """ #???????? | | ????????#?? ####### # #???????? | | ????????????###+#??????# ###########????? | | ???????????????????????# ##[ #????? | | ???????????????????????# ## """ #????? | | ???????????????????????# ## """ #????? | | ???????????????????????# ## """ #????? | | ???????????????????????# ## ###### | | ???????????????????????# #######+### | +----------------------------------------------------+ Best States ------------- Heat Dissipation 25 Energy Generation 10 Energy Capacity 250 Matter Stores 300 Matter Capacity 300 Sight Range 16 Terrain Scan Density 10 Evasion (%) 55 Recoil Reduction 1 Item Schematics ----------------- None Robot Schematics ------------------ None Fabricated ------------ Nothing Repaired ---------- Nothing Alien Tech Used ----------------- None Achievements -------------- None Challenges ------------ None Game ------ Seed ThermicBiomechanicalGun Manual? 0 Play Time 00:13:49 Cumulative 2.0 hours Start 2025.09.02 @ 19:44:53 End 2025.09.03 @ 01:24:41 Sessions 3 Manual Loads 0 Difficulty Rogue Special Mode None Game No. 4 Rogue 4 Adventurer 0 Explorer 0 Win Type - Total 0 Types 0/0/0/0/0/0/0/0/0/0 Lore% 1 Gallery% 4 Achievement% 13 Wizard Run 0 Options --------- Layout 0 ASCII 0 Keyboard 0 Movement Arrows Keybinds 0 Fullscreen 1 Font 12/Smallcaps Map View 38x28 Zoom Use 11% Tactical HUD 1 Map Filters NONE Filters NONE Steam SD RUN: d2bdb127-4528-4a5e-95c0-da8eaf2fe382